 Dungeon Crawl Stone Soup version 0.31-a0-801-gc67433417a (webtiles) character file.

Game seed: 13734549210865782081

963 Ivernyr the Slasher (level 8, -5/42 HPs)
             Began as a Vine Stalker Gladiator on Sept 20, 2023.
             Slain by Menkaure (18 damage)
             ... on level 4 of the Dungeon.
             The game lasted 00:06:36 (2674 turns).

Ivernyr the Slasher (Vine Stalker Gladiator)        Turns: 2674, Time: 00:06:36

Health: -5/42      AC: 12    Str: 16    XL:     8   Next: 15%
Magic:  0/9        EV: 11    Int:  8    God:
Gold:   266        SH:  0    Dex: 19    Spells: 7/7 levels left

rFire   + . .        a - +0 long sword
rCold   . . .        (no shield)
rNeg    . . .        b - +2 scale mail {rF+}
rPois   .            c - +0 helmet
rElec   .            u - +0 cloak {Will+}
rCorr   .            n - +0 pair of gloves
SInv    .            (no boots)
Will    ++...        k - amulet of regeneration Stlth
                     (no ring)
HPRegen 1.87/turn    (no ring)
MPRegen 0.11/turn

%: guardian spirit
@: no status effects
A: fangs 3, regeneration 1, magic shield, antimagic bite, no potion heal 2
a: no special abilities


You were on level 4 of the Dungeon.
You visited 1 branch of the dungeon, and saw 4 of its levels.

You collected 266 gold pieces.

Inventory:

Hand Weapons
 a - a +0 long sword (weapon)
Missiles
 d - 3 throwing nets (quivered)
 e - a javelin
Armour
 b - a +2 scale mail of fire resistance (worn)
 c - a +0 helmet (worn)
 n - a +0 pair of gloves (worn)
 u - a +0 cloak of willpower (worn)
Jewellery
 k - an amulet of regeneration (around neck)
 w - an amulet of the acrobat
Wands
 t - a wand of mindburst (18)
 v - a wand of charming (5)
Scrolls
 h - 3 scrolls of poison {unknown}
 i - 2 scrolls of revelation {unknown}
 l - 7 scrolls of identify {unknown}
 m - a scroll of fog {unknown}
 q - a scroll of fear {unknown}
 r - a scroll of vulnerability {unknown}
Potions
 f - 3 potions of curing {unknown}
 g - a potion of haste {unknown}
 j - 2 potions of heal wounds {unknown}
 o - a potion of magic {unknown}
 p - a potion of might {unknown}
 s - a potion of degeneration {unknown}


   Skills:
 + Level 4.0 Fighting
 * Level 5.9 Long Blades
 - Level 1.7 Throwing
 + Level 3.1 Armour
 + Level 4.1 Dodging


You had 7 spell levels left.
You didn't know any spells.
Your spell library was empty.

Dungeon Overview and Level Annotations

Branches:
Dungeon (4/15)
 Temple: D:4-7

Altars:
Gozag

Shops:
D:3 *

Annotations:
D:4 Menkaure


Innate Abilities, Weirdness & Mutations

You have razor-sharp teeth.
Your natural rate of healing is unusually fast.
When hurt, damage is shared between your health and your magic reserves.
Your bite disrupts and absorbs the magic of your enemies.
Potions cannot restore your health.


Message History

You kill the kobold!
You see here a +0 whip.
You hear the slow hiss of a very distant avalanche of sand.
There is an open door here.
There is an open door here.
There is an open door here.
You see here a +0 whip.
An ogre comes into view. It is wielding a +0 giant club.
Found 19 gold pieces.
The ogre shouts!
An ogre is nearby!
Menkaure, Prince of Dust comes into view.
Menkaure shouts!
Menkaure mumbles some strange words.
Menkaure seems to speed up.
The ogre hits you with a +0 giant club! The ogre attacks as it pursues you!
The ogre misses you.
Menkaure calls on the powers of darkness!
The ogre convulses!
Your body is wracked with pain!
Menkaure calls on the powers of darkness!
The ogre convulses!
Your body is wracked with pain!
Menkaure's bandages flutter.
You see here a +0 whip.
You hear the slow hiss of a very distant avalanche of sand.
Menkaure calls on the powers of darkness!
The ogre convulses!
Your body is wracked with pain!
Menkaure calls on the powers of darkness!
The ogre convulses!
Your body is wracked with pain!
You closely miss the ogre.
The ogre is almost dead.
The ogre barely misses you.
Menkaure calls on the powers of darkness!
The ogre convulses!
Your body is wracked with pain!
You see here a hobgoblin corpse.
Menkaure calls on the powers of darkness!
Your body is wracked with pain!
* * * LOW HITPOINT WARNING * * *
There is an open door here.
Menkaure is no longer moving quickly.
Menkaure hits you!!
You die...

............)..#..###
###........_.###.##
###........# #.#
##.....#.###.#
##........#.#
##....##.#.#
#.......#)#
#...##..M>#
#...###O#@#
#...###.#'###
#...#...†...#
#.......# ####....#
##...# ##..# ..# ..#


You could see Menkaure.

Vanquished Creatures
  Pikel (D:4)
  Grinder (D:3)
  Sigmund (D:3)
  2 lemures (D:4)
  Crazy Yiuf (D:3)
  Ijyb (D:3)
  Robin (D:2)
  2 adders
  A dart slug (D:2)
  2 worms (D:2)
  7 orcs
  4 endoplasms
  3 giant cockroaches
  8 hobgoblins
  7 kobolds
  3 quokkas
  5 ball pythons
  9 bats
  3 frilled lizards
  20 goblins
  4 rats
86 creatures vanquished.

Notes
Turn   | Place    | Note
-------+----------+-------------------------------------------
     0 | D:1      | Ivernyr the Vine Stalker Gladiator began the quest for the
                  | Orb.
     0 | D:1      | Reached XP level 1. HP: 11/11 MP: 2/2
   268 | D:1      | Reached XP level 2. HP: 15/15 MP: 3/3
   399 | D:1      | Reached skill level 3 in Long Blades
   662 | D:2      | Noticed Robin
   671 | D:2      | Killed Robin
   672 | D:2      | Reached XP level 3. HP: 18/18 MP: 4/4
   899 | D:2      | Reached skill level 1 in Armour
   988 | D:2      | Reached XP level 4. HP: 16/23 MP: 3/5
  1573 | D:3      | Found Qewail's General Store.
  1909 | D:3      | Noticed Grinder
  1914 | D:3      | Paralysed by Grinder for 2 turns
  1924 | D:3      | Paralysed by Grinder for 4 turns
  1928 | D:3      | Killed Grinder
  1929 | D:3      | Reached skill level 4 in Long Blades
  1929 | D:3      | Reached XP level 5. HP: 14/28 MP: 1/6
  1929 | D:3      | Reached XP level 6. HP: 16/32 MP: 1/7
  2023 | D:3      | Noticed Ijyb
  2035 | D:3      | Killed Ijyb
  2106 | D:3      | Found a runed translucent door.
  2107 | D:3      | Noticed Crazy Yiuf
  2113 | D:3      | Killed Crazy Yiuf
  2309 | D:3      | Noticed Sigmund
  2316 | D:3      | Killed Sigmund
  2317 | D:3      | Reached skill level 5 in Long Blades
  2317 | D:3      | Reached XP level 7. HP: 36/36 MP: 8/8
  2483 | D:4      | Noticed Pikel
  2511 | D:4      | Killed Pikel
  2512 | D:4      | Gained mutation: You have razor-sharp teeth. [Vine Stalker
                  | growth]
  2512 | D:4      | Reached XP level 8. HP: 42/42 MP: 9/9
  2515 | D:4      | Found an opulent altar of Gozag.
  2640 | D:4      | Noticed Menkaure
  2674 | D:4      | Slain by Menkaure

Illustrated notes

Levels and vault maps discovered:
D:1:      dpeg_arrival_chambers_temple_mockup, layout_loops_ring
D:2:      kennysheep_the_goblin_king, layout_loops_ring, uniq_robin
D:3:      layout_loops_ring, serial_shops, shop_fountains,
          uniq_crazy_yiuf_cottage, uniq_grinder, uniq_ijyb, uniq_sigmund
D:4:      layout_basic, nicolae_gozag_seed_capital, marbit_many_paths,
          nicolae_ossuary_entry_false_entrances, hellmonk_ghost_happy_afterlife,
          uniq_menkaure, uniq_pikel

Skill      XL: |  1  2  3  4  5  6  7 |
---------------+----------------------+-----
Fighting       | 2 3 4 |  4.0
Long Blades    | 3 4 5 |  5.9
Armour         | 1 2 3 |  3.1
Dodging        | 3 4 |  4.1
Throwing       | |  1.7

Action                     |  1- 3 |  4- 6 |  7- 9 || total
---------------------------+-------+-------+-------++-------
  Melee: Long sword        |    76 |   101 |    54 ||   231
         Bite              |    16 |    23 |    21 ||    60
         Punch             |     1 |       |     1 ||     2
   Stab: Sleeping          |     4 |       |       ||     4
 Armour: Leather armour    |    33 |       |       ||    33
         Scale mail        |     4 |    88 |    35 ||   127
  Dodge: Dodged            |    56 |    64 |    21 ||   141

Table legend: (Time is in decaauts)
 A = Elapsed time spent in this place.
 B = Non-inter-level travel time spent in this place.
 C = Inter-level travel time spent in this place.
 D = Time resting spent in this place.
 E = Time spent auto-exploring this place.
 F = Levels seen in this place.
 G = Mean time per level.
                   A        B        C        D        E       F      G
               +--------+--------+--------+--------+--------+-----+--------+
         Total |   2727 |   2644 |     83 |      0 |   1914 |   4 |  681.8 |
       Dungeon |   2727 |   2644 |     83 |      0 |   1914 |   4 |  681.8 |
               +--------+--------+--------+--------+--------+-----+--------+

Top non-repeatable levels by time:
     D:3: 910 daAuts
     D:2: 887 daAuts
     D:1: 663 daAuts
     D:4: 266 daAuts
